 Dungeon Crawl Stone Soup version 0.26-a0-520-g952f204493 (webtiles) character file.

Game seed: 5185576636611318284

686 ANON1729 the Purveyor of Pain (level 7, -4/46 HPs)
             Began as a Demonspawn Necromancer on Aug 12, 2020.
             Was an Initiate of Kikubaaqudgha.
             Slain by an orc warrior
             ... wielding a +0 hand axe
              (10 damage)
             ... on level 5 of the Dungeon.
             The game lasted 00:12:36 (6011 turns).

ANON1729 the Purveyor of Pain (DsNe)                Turns: 6011, Time: 00:12:37

Health: -4/46      AC: 19    Str:  8    XL:     7   Next: 35%
Magic:  0/13       EV: 14    Int: 18    God:    Kikubaaqudgha [......]
Gold:   227        SH:  0    Dex: 14    Spells: 4/14 levels left

rFire    + . .     SeeInvis .   k - +2 dagger (protect)
rCold    . . .     Faith    .   (no shield)
rNeg     . . .     Spirit   +   a - +0 robe
rPois    .         Reflect  .   (helmet restricted)
rElec    .         Harm     .   (no cloak)
rCorr    .                      v - +0 pair of gloves
MR       .....                  (no boots)
Stlth    ++........             (no amulet)
HPRegen  0.15/turn              p - ring of protection from fire
MPRegen  0.13/turn              (no ring)

@: sanguine armour, protection aura
A: horns 2, magic shield, sanguine armour 2
a: Renounce Religion


You were on level 5 of the Dungeon.
You worshipped Kikubaaqudgha.
Kikubaaqudgha was noncommittal.
You visited 2 branches of the dungeon, and saw 7 of its levels.

You collected 227 gold pieces.

Inventory:

Hand Weapons
 k - a +2 dagger of protection (weapon)
Armour
 a - a +0 robe (worn)
 q - a cursed +0 leather armour
 v - a +0 pair of gloves (worn)
Jewellery
 p - a ring of protection from fire (left hand)
Wands
 i - a wand of random effects (14)
Scrolls
 b - a scroll of immolation {unknown}
 c - 6 scrolls of identify {unknown}
 d - 4 scrolls of amnesia {unknown}
 f - a scroll of fog {unknown}
 m - 5 scrolls of teleportation {unknown}
 r - 2 scrolls of remove curse {unknown}
 t - a scroll of magic mapping {unknown}
Potions
 e - a potion of stabbing
 g - 2 potions of curing {unknown}
 h - 2 potions of lignification {unknown}
 j - a potion of invisibility {unknown}
 l - 2 potions of haste {unknown}
 n - a potion of heal wounds
 o - a potion of cancellation {unknown}
 s - 2 potions of ambrosia {unknown}
 u - a potion of brilliance {unknown}


   Skills:
 + Level 4.0 Dodging
 - Level 2.0 Stealth
 + Level 4.1 Spellcasting
 * Level 7.7 Necromancy


You had 4 spell levels left.
You knew the following spells:

 Your Spells              Type           Power        Failure   Level
a - Pain                  Necr           ####         1%          1
b - Animate Skeleton      Necr           ####..       1%          1
c - Vampiric Draining     Necr           ####......   1%          3
d - Animate Dead          Necr           ####......   6%          4
e - Beastly Appendage     Tmut           #.....       14%         1

Your spell library contained the following spells:

 Spells                   Type           Power        Failure   Level
 Magic Dart               Conj           #...         14%         1
 Searing Ray              Conj           #.....       22%         2
 Wereblood                Tmut           #.......     22%         2
 Dazzling Flash           Conj/Hex       #.....       41%         3
 Spider Form              Tmut/Pois      #.........   41%         3
 Fulminant Prism          Conj/Hex       #.........   82%         4
 Ice Form                 Ice/Tmut       #.......     82%         4
 Iskenderun's Mystic Bla  Conj/Tloc      #.......     82%         4
 Agony                    Necr           ####....     17%         5
 Blade Hands              Tmut           #.........   99%         5


Dungeon Overview and Level Annotations

Branches:
Dungeon (6/15)             Temple (1/1) D:4

Altars:
Hepliaklqana
Kikubaaqudgha
Okawaru
Wu Jian
Xom

Annotations:
D:6 1 transporter


Innate Abilities, Weirdness & Mutations

You have a pair of horns on your head.
When hurt, damage is shared between your health and your magic reserves.
When seriously injured, your bleeding wounds create thick armour. (AC +9)


Message History

Casting: Pain (safe; 1% risk of failure)
Confirm with . or Enter, or press ? or * to list all spells.
Aiming: Pain (safe; 1% risk of failure)
Press: ? - help, Shift-Dir - straight line, f - orc warrior
Aim: an orc warrior, wielding a +0 hand axe and wearing a +0 chain mail (moderately wounded, chance to defeat MR: 84%)
The orc warrior writhes in agony!
The orc warrior hits you with a +0 hand axe!
* * * LOW HITPOINT WARNING * * *
Casting: Pain (safe; 1% risk of failure)
Confirm with . or Enter, or press ? or * to list all spells.
You don't have enough magic to cast that spell.
Unknown command.
Evoke which item? (* to show all) (? for menu, Esc to quit)
Aiming: Random Effects
Press: ? - help, Shift-Dir - straight line, f/p - orc warrior
Aim: an orc warrior, wielding a +0 hand axe and wearing a +0 chain mail (heavily wounded)
The orc warrior twists and deforms.
The orc warrior hits you with a +0 hand axe!
You die...
Kikubaaqudgha rasps: "You have failed me!
Welcome... death!"

############## #............#
#.##########.# ####### #.# #.#
#...... #.# #.###.#####
#########.# #.#........
#.......#.##########.#.#.#####
###.#####.#....@................
#...# ##.#####o##....######.#.#
#.### #..#####.##.........#+#+#
#.# #...............###......
#.# #..##.......###..........
#.# #...'...[...'.+........<.
#.# #.###.......###..........
#.######........................
#...............................


You could see an orc warrior (misshapen).

Vanquished Creatures
  2 phantoms (D:5)
  2 scorpions
  3 hounds
  A centaur skeleton (D:5)
  A jelly (D:5)
  3 worker ants
  A hound skeleton (D:4)
  A worker ant zombie (D:5)
  Robin (D:3)
  3 gnolls (D:4)
  4 adders
  An ooze (D:5)
  A worm (D:4)
  5 leopard geckos
  3 orcs (D:5)
  5 bats
  5 giant cockroaches
  6 hobgoblins
  6 jackals
  4 kobolds
  2 quokkas
  A ball python (D:3)
  13 frilled lizards
  11 goblins
  A leopard gecko skeleton (D:4)
  A leopard gecko zombie (D:5)
  6 rats
93 creatures vanquished.

Notes
Turn   | Place    | Note
-------+----------+-------------------------------------------
     0 | D:1      | ANON1729 the Demonspawn Necromancer began the quest for the
                  | Orb.
     0 | D:1      | Reached XP level 1. HP: 13/13 MP: 3/3
   416 | D:1      | Gained mutation: When seriously injured, your bleeding
                  | wounds create armour. (AC +9) [demonic ancestry]
   416 | D:1      | Reached XP level 2. HP: 17/19 MP: 1/5
  1077 | D:2      | Reached XP level 3. HP: 10/24 MP: 0/6
  1436 | D:2      | Reached skill level 5 in Necromancy
  1831 | D:3      | Found a hazy altar of Hepliaklqana.
  1898 | D:3      | Found an ornate altar of the Wu Jian Council.
  2057 | D:3      | Noticed Robin
  2280 | D:3      | Gained mutation: When hurt, damage is shared between your
                  | health and your magic reserves. [demonic ancestry]
  2280 | D:3      | Reached XP level 4. HP: 27/30 MP: 5/7
  2289 | D:3      | Killed Robin
  2466 | D:3      | Found a faded altar of an unknown god.
  2693 | D:3      | Learned a level 1 spell: Animate Skeleton
  2697 | D:3      | Learned a level 3 spell: Vampiric Draining
  2997 | D:4      | Gained mutation: You have a pair of small horns on your
                  | head. [demonic ancestry]
  2997 | D:4      | Reached XP level 5. HP: 15/35 MP: 2/9
  3216 | D:4      | Reached skill level 6 in Necromancy
  3556 | D:4      | Found a staircase to the Ecumenical Temple.
  3572 | Temple   | Entered the Ecumenical Temple
  3582 | Temple   | Became a worshipper of Kikubaaqudgha
  3595 | D:4      | Learned a level 4 spell: Animate Dead
  3735 | D:4      | Learned a level 1 spell: Beastly Appendage
  4260 | D:5      | Entered Level 5 of the Dungeon
  4296 | D:5      | Gained mutation: You have a pair of horns on your head.
                  | [demonic ancestry]
  4296 | D:5      | Reached XP level 6. HP: 22/41 MP: 7/11
  4793 | D:5      | Reached skill level 7 in Necromancy
  5475 | D:5      | Gained mutation: When seriously injured, your bleeding
                  | wounds create thick armour. (AC +9) [demonic ancestry]
  5475 | D:5      | Reached XP level 7. HP: 19/46 MP: 6/12
  5968 | D:6      | Found a transporter.
  6011 | D:5      | Slain by an orc warrior

Illustrated notes

Levels and vault maps discovered:
D:1:      minmay_arrival_glassed_features, layout_basic
D:2:      layout_rooms
D:3:      layout_rooms, lemuel_round_altar, nicolae_overflow_crystal_walls,
          chequers_ecumenical_altar_simple_redux, roderic_roman_lattice,
          minmay_lizard_king, uniq_robin
D:4:      layout_cave_pods, minmay_temple_entry_overgrown
D:5:      layout_basic, minmay_misc_feat_tower, serial_bayou_pond_b, st_stairs_4
D:6:      gammafunk_cloud_chamber, layout_rooms, lemuel_doored_altar,
          basic_altar, gammafunk_ghost_grave, skrybe_limestone_x
Temple:   dshaligram_water_room_temple

Skill      XL: |  1  2  3  4  5  6  7 |
---------------+----------------------+-----
Stealth        | 2 |  2.0
Dodging        | 2 3 4 |  4.0
Necromancy     | 5 6 7 |  7.7
Spellcasting   | 3 4 |  4.1

Action                   |  1- 3 |  4- 6 |  7- 9 || total
-------------------------+-------+-------+-------++-------
Melee: Unarmed           |    76 |    13 |       ||    89
       Dagger            |       |   288 |    35 ||   323
       Headbutt          |       |    26 |     6 ||    32
       Kick              |       |    15 |       ||    15
 Cast: Pain              |    78 |    16 |     4 ||    98
       Beastly Appendage |       |     9 |       ||     9
       Animate Skeleton  |       |     1 |       ||     1
       Vampiric Draining |       |       |     1 ||     1
Evoke: Wand              |       |       |     1 ||     1
  Use: Potion            |       |     2 |       ||     2
 Stab: Sleeping          |       |     3 |     1 ||     4
Armor: Robe              |    31 |    75 |    16 ||   122
Dodge: Dodged            |    72 |   185 |    26 ||   283

Table legend: (Time is in decaauts)
 A = Elapsed time spent in this place.
 B = Non-inter-level travel time spent in this place.
 C = Inter-level travel time spent in this place.
 D = Time resting spent in this place.
 E = Time spent auto-exploring this place.
 F = Levels seen in this place.
 G = Mean time per level.
                   A        B        C        D        E       F      G
               +--------+--------+--------+--------+--------+-----+--------+
         Total |   6015 |   5881 |    134 |   2561 |   2302 |   7 |  859.3 |
       Dungeon |   5999 |   5871 |    128 |   2561 |   2299 |   6 |  999.8 |
        Temple |     16 |     10 |      6 |      0 |      3 |   1 |   16.0 |
               +--------+--------+--------+--------+--------+-----+--------+

Top non-repeatable levels by time:
     D:5: 1485 daAuts
     D:4: 1301 daAuts
     D:3: 1038 daAuts
     D:1: 1010 daAuts
     D:2: 894 daAuts
     D:6: 269 daAuts
  Temple: 16 daAuts
